 Dungeon Crawl Stone Soup version 0.19.1 (webtiles) character file.

494 Firecrotchwizard the Cudgeler (level 7, -2/44 HPs)
             Began as a Gargoyle Fighter on Dec 16, 2016.
             Was an Initiate of Okawaru.
             Slain by Menkaure (12 damage)
             ... on level 4 of the Dungeon.
             The game lasted 00:06:20 (2921 turns).

Firecrotchwizard the Cudgeler (Gargoyle Fighter)    Turns: 2921, Time: 00:06:21

Health: -2/44      AC: 14    Str: 20    XL:     7   Next: 15%
Magic:  7/7        EV:  5    Int:  9    God:    Okawaru [......]
Gold:   154        SH: 10    Dex: 13    Spells: 0 memorised, 6 levels left

rFire  + . .     SeeInvis .     u - +2 whip (flame)
rCold  x . .     Gourm    .     m - +0 chain mail (curse)
rNeg   + . .     Faith    .     c - +0 shield
rPois  ∞         Spirit   .     (no helmet)
rElec  +         Reflect  .     (no cloak)
rCorr  .         Harm     .     (no gloves)
MR     .....                    (no boots)
Stlth  ..........               (no amulet)
                                l - +3 ring of dexterity
                                g - ring of fire

@: no status effects
A: negative energy resistance 1, electricity resistance, unbreathing,
petrification resistance, rot immunity, AC +4
a: Renounce Religion


You were on level 4 of the Dungeon.
You worshipped Okawaru.
Okawaru was noncommittal.
You were not hungry.

You visited 2 branches of the dungeon, and saw 5 of its levels.

You collected 154 gold pieces.

Inventory:

Hand Weapons
 a - a +0 flail
 u - a +2 whip of flaming (weapon)
Armour
 b - a +0 scale mail
 c - a +0 shield (worn)
 m - a cursed +0 chain mail (worn)
Jewellery
 g - a ring of fire (left hand)
 l - a +3 ring of dexterity (right hand)
Wands
 o - a wand of confusion (27/48)
 v - a wand of slowing (38/48)
Scrolls
 i - a scroll of remove curse {unknown}
 k - a scroll of magic mapping {unknown}
 p - 3 scrolls of teleportation {unknown}
 q - 2 scrolls of enchant armour {unknown}
 r - 2 scrolls of identify {unknown}
 t - a scroll of immolation {unknown}
 w - a scroll of enchant weapon {unknown}
 y - a scroll of blinking {unknown}
 A - a scroll of random uselessness {unknown}
Potions
 d - a potion of might
 e - 2 potions of lignification {unknown}
 j - a potion of agility {unknown}
 n - 4 potions of heal wounds {unknown}
Comestibles
 f - 4 bread rations
 h - a meat ration
 s - 3 fruits
 x - a slice of pizza
 z - 5 chunks of flesh


   Skills:
 * Level 4.3 Fighting
 * Level 5.8 Maces & Flails
 + Level 4.0 Armour
 + Level 0.4 Dodging
 + Level 4.8 Shields


You had 6 spell levels left.
You didn't know any spells.

Dungeon Overview and Level Annotations

Branches:
Dungeon (4/15)             Temple (1/1) D:4

Altars:
Ashenzari
Cheibriados
Dithmenos
Elyvilon
Hepliaklqana
Kikubaaqudgha
Makhleb
Nemelex Xobeh
Okawaru
Qazlal
Ru
Sif Muna
Uskayaw
Vehumet
Xom
The Shining One

Annotations:
D:4 Menkaure


Innate Abilities, Weirdness & Mutations

You are resistant to torment.
Your stone body is resilient. (AC +4)
You are immune to poison.
You resist negative energy. (rN+)
You are resistant to electric shocks. (rElec)
You can survive without breathing.
You are immune to petrification.
You are immune to rotting.


Message History

Menkaure hits you!
You hit Menkaure. You burn Menkaure.
Menkaure is moderately damaged.
Menkaure points at you and mumbles some strange words.
Pain shoots through your body!
You hit Menkaure. You burn Menkaure.
Menkaure is heavily damaged.
Menkaure screams, "Why can't you leave me to my rest?"
You block Menkaure's attack.
Your shield and chain mail prevent you from hitting Menkaure.
Menkaure is heavily damaged.
You hit Menkaure. You burn Menkaure.
Menkaure is severely damaged.
Menkaure gestures at you while chanting.
Pain shoots through your body!
* * * LOW HITPOINT WARNING * * *
You barely miss Menkaure.
Menkaure is severely damaged.
Menkaure hits you!
You die...

............%..
...............#
....(.....?....#
....................#
..).............?...#
....................#
....................#
................@M..#
.......###.#.########
.......# #.#........#
.......# #.#.######.#
.......# #.#.#
.......# #.#.#
.......# #...#
####'### ##..# #.#
###..#.#


You could see Menkaure.

Vanquished Creatures
  Sigmund (D:4)
  A phantom (D:3)
  An ogre (D:4)
  Ijyb (D:2)
  A worker ant (D:4)
  A gnoll (D:1)
  3 adders
  An ooze (D:1)
  3 worms
  2 dart slugs
  4 leopard geckos
  3 orcs (D:3)
  3 giant cockroaches
  8 goblins
  2 hobgoblins
  4 jackals (D:4)
  2 quokkas (D:2)
  4 ball pythons
  9 bats
  5 frilled lizards
  6 kobolds
  7 rats
72 creatures vanquished.

Notes
Turn   | Place    | Note
-------+----------+-------------------------------------------
     0 | D:1      | Firecrotchwizard the Gargoyle Fighter began the quest for the Orb.
     0 | D:1      | Reached XP level 1. HP: 14/14 MP: 1/1
   235 | D:1      | You fall through a shaft!
   238 | D:2      | Reached XP level 2. HP: 19/19 MP: 2/2
   624 | D:1      | Reached XP level 3. HP: 23/23 MP: 3/3
  1233 | D:2      | Reached skill level 3 in Maces & Flails
  1301 | D:2      | Reached XP level 4. HP: 29/29 MP: 4/4
  1333 | D:2      | Noticed Ijyb
  1345 | D:2      | Killed Ijyb
  1503 | D:2      | Found a white marble altar of Elyvilon.
  1853 | D:3      | Reached XP level 5. HP: 33/33 MP: 5/5
  2184 | D:3      | Noticed a phantom
  2191 | D:3      | Reached skill level 4 in Maces & Flails
  2239 | D:3      | Killed a phantom
  2441 | D:4      | Found a staircase to the Ecumenical Temple.
  2443 | D:4      | Noticed an ogre
  2452 | D:4      | Killed an ogre
  2452 | D:4      | Reached skill level 5 in Maces & Flails
  2452 | D:4      | Reached XP level 6. HP: 27/38 MP: 6/6
  2561 | Temple   | Entered the Ecumenical Temple
  2671 | Temple   | Became a worshipper of Warmaster Okawaru
  2735 | D:4      | Noticed Sigmund
  2746 | D:4      | Killed Sigmund
  2746 | D:4      | Reached XP level 7. HP: 36/44 MP: 7/7
  2912 | D:4      | Noticed Menkaure
  2921 | D:4      | Slain by Menkaure

Skill      XL: |  1  2  3  4  5  6  7 |
---------------+----------------------+-----
Maces & Flails | 3 5 |  5.8
Shields        | 4 |  4.8
Fighting       | 4 |  4.3
Armour         | 4 |  4.0
Dodging        | |  0.4

Action                   |  1- 3 |  4- 6 |  7- 9 || total
-------------------------+-------+-------+-------++-------
Melee: Flail             |   111 |   144 |       ||   255
       Whip              |       |    25 |    32 ||    57
  Eat: Chunk             |     1 |     5 |     1 ||     7
Armor: Scale mail        |    40 |       |       ||    40
       Chain mail        |    19 |   115 |    14 ||   148
Dodge: Dodged            |    36 |    44 |     6 ||    86
Block: Shield            |    63 |    98 |    13 ||   174
